Map: Simulacrum LE

Players

Icarium - Winner!

  • Race: Zerg Zerg
  • League: Gold
  • Spawn Location: 5:00

Ratl

  • Race: Protoss Protoss
  • League: Silver
  • Spawn Location: 11:00

VOD

Have the link to the VOD?

Description

Time

  • Played on: Jan. 15, 2020, 12:18 p.m.
  • Length: 9:51
Show
View Real Time Build Order
Export as new Build Order

Icarium Zerg - Winner!

Build Orders: Hatch First 

Get SALT Encoding   

  12  0:01  Drone  
  13  0:12  Overlord  
  13  0:18  Drone  
  14  0:27  Extractor, Drone  
  15  0:31  Drone  
  16  0:38  Drone  
  17  0:51  Drone  
  18  0:59  Hatchery  
  18  1:00  Drone  
  18  1:07  Extractor  
  17  1:19  Drone, Spawning Pool  
  17  1:22  Drone  
  18  1:33  Drone  
  19  1:41  Overlord  
  19  2:05  Queen  
  21  2:09  Zergling x2  
  21  2:10  Zergling x2  
  21  2:11  Queen  
  21  2:13  Zergling x2  
  21  2:14  Zergling x2  
  27  2:16  Metabolic Boost  
  27  2:26  Drone  
  27  2:27  Roach Warren  
  27  2:29  Zergling x2  
  28  2:34  Drone  
  29  2:42  Drone  
  30  2:48  Drone  
  31  2:53  Zergling x2  
  31  2:54  Overlord  
  32  3:01  Drone  
  32  3:05  Drone  
  34  3:07  Drone  
  35  3:14  Lair  
  35  3:17  Drone  
  35  3:18  Drone x2  
  38  3:21  Overlord  
  38  3:25  Drone  
  39  3:34  Drone  
  39  3:35  Drone  
  43  3:41  Roach x2  
  43  3:45  Spine Crawler  
  44  3:48  Drone, Evolution Chamber  
  44  3:49  Drone  
  44  3:51  Drone  
  44  3:54  Drone x2  
  48  3:57  Drone  
  48  3:59  Drone  
  48  4:02  Overlord  
  50  4:13  Glial Reconstitution  
  50  4:16  Drone x2  
  52  4:21  Drone x2  
  52  4:22  Overlord  
  54  4:28  Drone  
  55  4:33  Extractor  
  56  4:38  Roach  
  56  4:43  Hatchery  
  55  4:46  Overlord  
  55  4:48  Drone x3  
  58  4:53  Extractor  
  58  4:56  Extractor, Queen  
  58  5:01  Pneumatized Carapace  
  58  5:05  Drone x2  
  60  5:15  Drone x3  
  63  5:23  Drone  
  63  5:24  Roach  
  63  5:25  Roach  
  68  5:48  Roach x2  
  68  5:49  Overlord  
  71  5:57  Hydralisk Den  
  71  6:02  Queen  
  69  6:05  Drone  
  69  6:07  Drone x2  
  70  6:15  Spore Crawler  
  69  6:18  Spore Crawler  
  68  6:27  Grooved Spines, Hydralisk x6  
  68  6:28  Hydralisk x2  
  68  6:29  Zergling x2  
  85  6:33  Drone  
  85  6:38  Roach  
  85  6:39  Roach  
  90  6:40  Zergling x2, Nydus Network, Overlord  
  90  6:52  Overlord  
  90  6:53  Spore Crawler  
  89  6:55  Overlord  
  89  6:57  Drone  
  90  7:04  Spore Crawler  
  90  7:06  Spore Crawler  
  90  7:08  Zerg Melee Weapons Level 1  
  88  7:11  Evolution Chamber  
  87  7:16  Infestation Pit  
  87  7:19  Zergling x2, Roach  
  87  7:20  Zergling x2  
  90  7:22  Queen  
  92  7:38  Roach x3, Muscular Augments  
  92  7:41  Drone  
  92  7:42  Drone x3  
  92  7:43  Overlord  
  102  7:47  Drone x4  
  102  7:48  Drone  
  102  7:51  Drone  
  108  8:09  Drone x3  
  111  8:15  Extractor x2  
  111  8:17  Spire  
  108  8:30  Nydus Canal  
  108  8:33  Overseer  
  108  8:35  Overseer  
  108  8:36  Roach x2  
  108  8:37  Roach x3  
  118  8:41  Zergling x2  
  118  8:42  Zergling x6, Overlord  
  118  8:47  Nydus Canal  
  122  9:07  Nydus Canal  
  122  9:11  Roach x2  
  122  9:12  Roach  
  128  9:18  Roach  
Show
View Real Time Build Order
Export as new Build Order

Ratl Protoss 

Build Orders:  

Get SALT Encoding   

  12  0:01  Probe  
  13  0:13  Probe  
  14  0:25  Probe  
  14  0:27  Pylon  
  15  0:45  Probe  
  16  0:52  Gateway  
  16  0:57  Gateway  
  16  0:58  Probe (Chrono Boost)  
  17  1:10  Probe (Chrono Boost)  
  18  1:12  Assimilator  
  18  1:20  Assimilator  
  18  1:23  Probe (Chrono Boost)  
  19  1:35  Probe  
  20  1:41  Cybernetics Core  
  20  1:47  Probe  
  21  1:59  Nexus  
  21  2:01  Probe  
  22  2:13  Probe  
  23  2:30  Pylon  
  23  2:32  Pylon  
  23  2:37  Warp Gate (Chrono Boost)  
  23  2:48  Probe  
  23  2:50  Stalker  
  26  3:00  Probe  
  27  3:08  Stalker  
  27  3:12  Probe x2  
  31  3:24  Probe x2  
  31  3:26  Stalker  
  35  3:28  Pylon  
  35  3:36  Probe  
  35  3:37  Probe  
  36  3:45  Stargate  
  36  3:48  Probe  
  37  3:57  Gateway  
  37  3:58  Gateway  
  37  3:59  Stalker  
  37  4:00  Stalker  
  41  4:09  Forge  
  41  4:12  Shield Battery  
  41  4:15  Shield Battery  
  41  4:18  Probe x2  
  43  4:30  Probe  
  44  4:36  Protoss Air Weapons Level 1 (Chrono Boost)  
  44  4:39  Zealot x2  
  44  4:42  Oracle  
  51  4:49  Probe  
  51  4:50  Probe  
  53  4:54  Assimilator  
  53  5:02  Probe x2  
  53  5:03  Pylon, Photon Cannon  
  55  5:09  Pylon  
  55  5:14  Probe x2  
  57  5:16  Stargate  
  57  5:19  Pylon  
  57  5:33  Probe  
  57  5:34  Probe  
  59  5:40  Assimilator  
  59  5:42  Protoss Shields Level 1 (Chrono Boost)  
  59  5:45  Probe  
  59  5:46  Probe  
  61  5:58  Probe x2  
  63  6:15  Probe x2  
  63  6:17  Oracle  
  68  6:19  Stalker  
  68  6:20  Stalker x2  
  74  6:27  Probe  
  75  6:34  Probe  
  75  6:39  Probe, Void Ray  
  77  6:45  Robotics Facility  
  77  6:46  Probe  
  82  6:53  Probe  
  83  7:08  Pylon, Nexus  
  83  7:11  Pylon  
  83  7:13  Pylon  
  83  7:17  Stalker  
  85  7:25  Void Ray x2  
  93  7:33  Probe x2  
  95  8:10  Fleet Beacon  
  95  8:12  Probe x2  
  97  8:24  Probe  
  97  8:25  Void Ray  
  97  8:26  Void Ray  
  106  8:28  Immortal  
  110  8:37  Stalker x3  
  110  8:38  Zealot  
  118  8:42  Assimilator  
  118  8:45  Pylon  
  118  8:54  Probe x3  
  121  9:02  Assimilator  
  105  9:43  Stalker x3  
Tags
 
Matchup
PvZ
Spawn Locations
Cross Positions
Add a new tag
Caveats
  • Supply blocks, unpowered buildings, or Contaminate may cause inaccurate times.
  • Supply counts are checked every 10 seconds.